 Dungeon Crawl Stone Soup version 0.22.1-5-g62c59d919a (webtiles) character file.

154 Peloso the Covered (level 5, -7/47 HPs)
             Began as a Minotaur Fighter on Jan 12, 2019.
             Mangled by a wight
             ... wielding a +0 trident
              (8 damage)
             ... on level 2 of the Dungeon.
             The game lasted 00:02:13 (1623 turns).

Peloso the Covered (Minotaur Fighter)               Turns: 1623, Time: 00:02:14

Health: -7/47      AC:  7    Str: 21    XL:     5   Next: 13%
Magic:  4/4        EV:  7    Int:  5    God:
Gold:   100        SH:  9    Dex: 10    Spells: 4/4 levels left

rFire    . . .     SeeInvis .   a - +0 long sword
rCold    . . .     Gourm    .   c - +0 shield
rNeg     . . .     Faith    .   b - +0 scale mail
rPois    .         Spirit   .   (helmet restricted)
rElec    .         Reflect  .   (no cloak)
rCorr    .         Harm     .   (no gloves)
MR       .....                  (no boots)
Stlth    ..........             (no amulet)
HPRegen  0.15/turn              (no ring)
MPRegen  0.09/turn              (no ring)

@: drained
A: retaliatory headbutt, horns 2
a: no special abilities


You were on level 2 of the Dungeon.
You were not hungry.

You visited 1 branch of the dungeon, and saw 2 of its levels.

You collected 100 gold pieces.

Inventory:

Hand Weapons
 a - a +0 long sword (weapon)
Armour
 b - a +0 scale mail (worn)
 c - a +0 shield (worn)
Jewellery
 m - a +4 ring of dexterity {unknown}
Scrolls
 e - 2 scrolls of remove curse {unknown}
 h - 2 scrolls of identify {unknown}
 i - a scroll of enchant armour {unknown}
 j - a scroll of enchant weapon {unknown}
 n - a scroll of teleportation {unknown}
Potions
 d - a potion of might
 g - a potion of curing {unknown}
 k - a potion of cancellation {unknown}
 o - a potion of flight {unknown}
 p - a potion of mutation {unknown}
Comestibles
 f - 7 rations


   Skills:
 + Level 4.5(3.5) Fighting
 + Level 3.5(2.5) Long Blades
 + Level 4.9(3.8) Armour
 + Level 1.0(0.1) Dodging
 + Level 0.2(0.0) Stealth
 + Level 4.6(3.5) Shields


You had 4 spell levels left.
You didn't know any spells.
Your spell library was empty.

Dungeon Overview and Level Annotations

Branches:
Dungeon (2/15)

Altars:


Innate Abilities, Weirdness & Mutations

You reflexively headbutt those who attack you in melee.
You have a pair of horns on your head.


Message History

* * * LOW HITPOINT WARNING * * *
You closely miss the wight. You headbutt the wight!
The wight is severely damaged.
You block the wight's attack. x2
You closely miss the wight.
The wight is severely damaged.
You block the wight's attack. The wight closely misses you.
You barely miss the wight.
You headbutt the wight, but do no damage.
The wight is severely damaged.
The wight closely misses you. The wight hits you but does no damage.
You closely miss the wight.
You headbutt the wight, but do no damage.
The wight is severely damaged.
The wight hits you with a great sword!
* * * LOW HITPOINT WARNING * * *
You feel drained.
* * * LOW HITPOINT WARNING * * *
The wight hits you from afar with a trident!
You die...

#...........##.
#..............
###............#.
#...........####.
#............# #.
########..........#.###.
........................
##########.########..##.
.....zz@...........#.##.
.##########.............
#..........##.
+...........#.
#.........#.#.
#........#.....#.
#.######.#.#.#... #
######.#.#(.<..
.....#.#.......


You could see 2 wights.

Vanquished Creatures
  2 wights
  4 gnolls
  An adder (D:2)
  2 dart slugs (D:1)
  A giant cockroach (D:1)
  3 hobgoblins (D:1)
  6 kobolds
  3 bats
  A frilled lizard (D:1)
  5 goblins (D:1)
  A rat (D:1)
29 creatures vanquished.

Notes
Turn   | Place    | Note
-------+----------+-------------------------------------------
     0 | D:1      | Peloso the Minotaur Fighter began the quest for the Orb.
     0 | D:1      | Reached XP level 1. HP: 19/19 MP: 0/0
    88 | D:1      | Reached XP level 2. HP: 10/27 MP: 1/1
   571 | D:2      | Noticed a wight
   576 | D:2      | Reached XP level 3. HP: 27/33 MP: 2/2
   878 | D:1      | Reached XP level 4. HP: 5/41 MP: 3/3
  1617 | D:2      | Reached skill level 1 in Dodging
  1617 | D:2      | Reached XP level 5. HP: 34/47 MP: 4/4
  1623 | D:2      | HP: 1/47 [wight/great sword (4)]
  1623 | D:2      | Mangled by a wight

Skill      XL: |  1  2  3  4 |
---------------+-------------+-----
Fighting       | 4 |  4.5
Armour         | 4 |  4.9
Shields        | 4 |  4.6
Long Blades    | 3 |  3.5
Dodging        | 1 |  1.0
Stealth        | |  0.2

Action                   |  1- 3 |  4- 6 || total
-------------------------+-------+-------++-------
Melee: Long sword        |    67 |    23 ||    90
       Headbutt          |    14 |     7 ||    21
  Eat: Chunk             |       |     2 ||     2
Armor: Scale mail        |    44 |     4 ||    48
Dodge: Dodged            |    25 |     8 ||    33
Block: Shield            |    38 |     9 ||    47
       Rpst.: Long sword |     8 |       ||     8
